 Dungeon Crawl Stone Soup version 0.22-a0-247-gbddf880 (webtiles) character file.

182095 MatthieuS the Fencer (level 17, -8/210 HPs)
             Began as a Demonspawn Berserker on Feb 27, 2018.
             Was the Champion of Trog.
             Shot with a bolt by a naga sharpshooter (14 damage)
             ... led by Vashnia
             ... on level 2 of the Snake Pit.
             The game lasted 01:37:52 (25858 turns).

MatthieuS the Fencer (Demonspawn Berserker)        Turns: 25858, Time: 01:37:53

Health: -8/210     AC: 30    Str: 31    XL:     17   Next: 34%
Magic:  10/26      EV: 17    Int: 11    God:    Trog [******]
Gold:   389        SH:  0    Dex: 14    Spells: 16/16 levels left

rFire    . . .     SeeInvis +   a - +7 double sword (venom)
rCold    + . .     Gourm    .   (no shield)
rNeg     + . .     Faith    .   Y - +5 chain mail "Kyirin" {rC+ Regen+}
rPois    +         Spirit   .   b - +1 helmet
rElec    +         Reflect  .   h - +2 cloak
rCorr    .         Harm     .   L - +2 pair of gloves {Str+3}
MR       +....                  (boots unavailable)
Stlth    ..........             K - amulet of regeneration
HPRegen  2.25/turn              B - ring of poison resistance
MPRegen  0.20/turn              F - ring of Visim {rElec rN+ MP+9 Int+2 SInv}

@: berserking, lethally poisoned (-8 -> -8), very quick
A: talons 3, icy blue scales 2, demonic guardian 2, powered by death 2,
augmentation 1
}: 1/15 runes: decaying
a: Berserk, Trog's Hand, Brothers in Arms, Renounce Religion


You were on level 2 of the Snake Pit.
You worshipped Trog.
Trog was exalted by your worship.
You were near starving.

You visited 5 branches of the dungeon, and saw 29 of its levels.
You also visited: Sewer and Bailey.

You collected 3055 gold pieces.
You spent 2666 gold pieces at shops.

Inventory:

Hand Weapons
 a - a +7 double sword of venom (weapon)
 q - a +3 vampiric scimitar
 w - the +6 arbalest "Damnation" {damnation}
   (You found it on level 6 of the Lair of Beasts)
Missiles
 G - 8 throwing nets (quivered)
 W - 207 bolts
Armour
 b - a +1 helmet (worn)
 h - a +2 cloak (worn)
 L - a +2 pair of gloves of strength (worn)
 Y - the +5 chain mail "Kyirin" (worn) {rC+ Regen+}
   (You found it on level 4 of the Lair of Beasts)

   It protects you from cold.
   It increases your rate of regeneration.
Jewellery
 s - an uncursed ring of protection from fire
 y - an uncursed ring of resist corrosion
 z - the ring of Foalis Ent {*Contam rF+ rC+ Int+3}
   (You bought it in a shop on level 1 of the Snake Pit)

   [ring of protection from fire]

   It affects your intelligence (+3).
   It protects you from fire.
   It protects you from cold.
   It causes magical contamination when unequipped.
 B - a ring of poison resistance (left hand)
 F - the ring of Visim (right hand) {rElec rN+ MP+9 Int+2 SInv}
   (You bought it in a shop on level 5 of the Dungeon)

   [ring of see invisible]

   It affects your intelligence (+2).
   It insulates you from electricity.
   It protects you from negative energy.
   It affects your magic capacity (+9).
   It lets you see invisible.
 K - an amulet of regeneration (around neck)
 O - a +3 ring of protection
Wands
 l - a wand of scattershot (4)
 p - a wand of digging (28)
 I - a wand of iceblast (15)
 J - a wand of paralysis (30)
 M - a wand of acid (6)
 P - a wand of disintegration (23)
 R - a wand of enslavement (11)
Scrolls
 d - 10 scrolls of teleportation
 f - 8 scrolls of identify
 m - 4 scrolls of fog
 n - 6 scrolls of enchant armour
 o - 17 scrolls of remove curse
 t - 5 scrolls of fear
 x - a scroll of holy word
 C - 2 scrolls of enchant weapon
 H - 8 scrolls of magic mapping
 S - 5 scrolls of blinking
 U - a scroll of silence
 Z - 2 scrolls of summoning
Potions
 e - 3 potions of magic
 g - 3 potions of lignification
 i - 4 potions of agility
 j - 7 potions of might
 k - a potion of ambrosia
 r - a potion of invisibility
 u - 5 potions of heal wounds
 v - a potion of cancellation
 A - 4 potions of haste
 D - a potion of berserk rage
 E - 5 potions of curing
 N - 4 potions of resistance
 V - 8 potions of mutation
Miscellaneous
 X - 2 boxes of beasts
Comestibles
 c - 25 rations
 Q - 9 chunks of flesh


   Skills:
 + Level 14.9 Fighting
 + Level 16.4 Long Blades
 + Level 13.7 Armour
 + Level 13.7 Dodging
   Level 4.0 Shields
 - Level 0.1 Unarmed Combat


You had 16 spell levels left.
You didn't know any spells.

Dungeon Overview and Level Annotations

Branches:
Dungeon (15/15)            Temple (0/1) D:4            Lair (6/6) D:11
  Swamp (4/4) Lair:2        Snake (2/4) Lair:2        Slime (0/5) Lair:6
    Orc (2/2) D:10            Elf (0/3) Orc:2        Vaults (0/5) D:13
 Depths (0/5) D:15

Altars:
Cheibriados
Dithmenos
Elyvilon
Kikubaaqudgha
Nemelex Xobeh
Qazlal
Ru
Trog
Uskayaw
Vehumet
Xom
Zin
Jiyva

Shops:
D:5 =   D:9 *   Orc:2 (*%?   Snake:1 }==

Portals:
Trove: D:11 (give +4 storm dragon scales)

Annotations:
Snake:2 Vashnia


Innate Abilities, Weirdness & Mutations

You have claws for feet.
You are mostly covered in icy blue scales. (AC +3)
A demonic guardian rushes to your aid.
You regenerate health from kills.
Your magical and physical power is slightly enhanced at high health.


Message History

Your troll claws Vashnia!
The naga sharpshooter mumbles some strange words.
The naga sharpshooter magically shoots a bolt.
The bolt hits you!
* * * LOW HITPOINT WARNING * * *
Vashnia shoots a bolt.
The bolt hits you!
* * * LOW HITPOINT WARNING * * *
You swap places.
The naga sharpshooter spits poison at you.
The splash of poison hits your orange demon.
Your orange demon is poisoned.
The naga sharpshooter shoots an arrow.
The arrow hits your orange demon.
Your troll bites Vashnia but does no damage.
Your troll claws Vashnia but does no damage.
Your troll completely misses Vashnia.
Your orange demon stings the naga sharpshooter from afar!
The naga sharpshooter gestures wildly while chanting.
The naga sharpshooter magically shoots a bolt.
The bolt hits you!
You die...

$.......N...............(.##)....
..../..NNN....%......(....).)####
..(.....).# #.........#....####
#††)N#..# #...........<......
#)3..#.# ##..(###.........
#3.....#######..((((..........
#.........NN...(.(###)^...)...
###.........N)4((#.##........).(
#.(...#......NT@..(...#......)..
#....)#.........(..####.....>...
#...)..)........#### #........#
#..<.)#.........# #........#
.................# ...########
##.....#........## .###
......####.....## ####### #.#####
.#


You could see Vashnia, 3 naga sharpshooters, a friendly orange demon and a
friendly troll (berserk).

Vanquished Creatures
  Saint Roka (Snake:2)
  2 thorn hunters (Swamp:4)
  Kirke (Swamp:1)
  Agnes (Snake:2)
  Gastronok (Lair:1)
  A nagaraja (Snake:2)
  Aizul (Swamp:1)
  A stone giant (Orc:2)
  2 dire elephants (Lair:6)
  A fire dragon (D:15)
  Josephine (Swamp:1)
  3 ogre magi (Orc:2)
  11 hydras
  An ice dragon (D:15)
  3 naga warriors
  A vault guard (D:13)
  5 alligators
  3 ghost crabs (Swamp:4)
  2 anacondas (Snake:2)
  5 centaur warriors
  19 two-headed ogres
  A tengu warrior (D:13)
  10 naga sharpshooters
  5 death yaks (Lair:6)
  3 shock serpents
  Sonja (Lair:2)
  A deep elf knight (Bailey)
  4 skeletal warriors
  A salamander mystic (Snake:2)
  An unseen horror (D:15)
  3 naga ritualists (Snake:2)
  5 swamp dragons
  A shambling mangrove (Swamp:1)
  4 spriggan druids
  A lindwurm (Lair:6)
  2 orc knights
  7 mana vipers
  10 deep elf magi
  2 salamanders (Snake:2)
  An orc sorcerer (Orc:2)
  The ghost of MatthieuS the Skirmisher, a novice GrWn of Xom (D:4)
  7 ugly things
  A cyclops (D:14)
  A manticore (D:15)
  13 black mambas
  2 elephants (Lair:6)
  8 naga magi
  9 spiny frogs
  A torpor snail (Lair:3)
  2 gargoyles
  A kobold demonologist (D:12)
  4 rime drakes
  A freezing wraith (D:15)
  3 komodo dragons
  A tengu conjurer (D:15)
  8 trolls
  6 hornets
  5 blink frogs
  A polar bear (Lair:3)
  A dream sheep (Lair:6)
  5 bog bodies
  13 hippogriffs
  10 slime creatures
  6 wraiths
  3 spriggans
  4 shadows
  36 yaks
  A human (shapeshifter) (D:15)
  6 wyverns
  2 hogs (Swamp:1)
  The ghost of MatthieuS the Twirler, an amateur HuGl (D:3)
  3 basilisks
  A hungry ghost (D:9)
  25 vampire mosquitoes
  A steam dragon (D:11)
  6 wargs
  6 insubstantial wisps (Swamp:2)
  27 nagas
  15 swamp worms
  An acid dragon (D:12)
  10 water moccasins
  20 orc warriors
  8 porcupines
  15 swamp drakes
  A phantom (D:10)
  5 ice beasts
  An eye of draining (D:12)
  5 sky beasts
  A necrophage (D:8)
  2 centaurs
  7 wolves
  32 ogres
  13 crocodiles
  12 bullfrogs
  3 big kobolds
  3 gnoll sergeants
  4 scorpions
  4 howler monkeys
  4 crimson imps
  A quasit (D:5)
  A bullfrog zombie (D:12)
  2 gnoll shamans (D:9)
  8 jellies
  2 hounds
  12 orc priests
  A bullfrog skeleton (D:13)
  4 centaur skeletons
  27 orc wizards
  A centaur zombie (D:12)
  Jessica (D:2)
  3 iguanas
  15 worker ants
  A worker ant zombie (D:10)
  15 gnolls
  2 river rats (D:6)
  17 adders
  A howler monkey skeleton (D:9)
  2 shadow imps (D:5)
  18 oozes
  2 adder skeletons
  6 worms
  3 dart slugs (D:1)
  2 leopard geckos
  78 orcs
  2 ball pythons
  7 bats
  6 giant cockroaches
  30 goblins
  22 hobgoblins
  16 jackals
  5 quokkas
  2 frilled lizards
  A jackal skeleton (D:7)
  17 kobolds
  A quokka skeleton (D:6)
  5 rats
  2 fungi (D:9)
  A plant (D:9)
869 creatures vanquished.

Vanquished Creatures (collateral kills)
  Frances (D:13)
  2 thorn hunters
  Louise (D:14)
  A stone giant (Orc:2)
  Fannar (D:11)
  Harold (D:11)
  10 hydras
  A ghost crab (Swamp:4)
  4 death yaks (Lair:6)
  A centaur warrior (D:14)
  5 two-headed ogres
  An ogre mage (Orc:2)
  A shock serpent (Snake:2)
  A naga sharpshooter (Snake:1)
  A skeletal warrior (D:14)
  An unseen horror (D:11)
  3 swamp dragons (Swamp:4)
  A shambling mangrove (Swamp:4)
  An orc knight (Orc:2)
  A lindwurm (Lair:6)
  A deep elf mage (Bailey)
  A mana viper (Snake:2)
  3 slime creatures
  A cyclops (D:11)
  A manticore (D:13)
  3 ugly things
  2 komodo dragons
  4 spiny frogs
  A rime drake (Lair:6)
  A polar bear (Lair:3)
  7 trolls
  2 hornets (Swamp:4)
  2 tyrant leeches (Swamp:2)
  4 blink frogs
  2 dream sheep (Lair:6)
  A hippogriff (D:6)
  A shadow (Swamp:2)
  A wyvern (Lair:5)
  27 yaks
  A spriggan (Swamp:4)
  A hog (Swamp:1)
  2 basilisks
  A vampire mosquito (Swamp:1)
  A warg (D:11)
  4 nagas
  A swamp drake (Swamp:2)
  4 orc warriors
  An ice beast (D:9)
  3 ogres (Orc:2)
  2 wolves (Lair:4)
  3 centaurs
  A crocodile (Lair:2)
  A big kobold (D:4)
  2 gnoll sergeants (D:10)
  A bullfrog (D:9)
  2 scorpions
  2 hounds
  2 orc priests (D:7)
  A gnoll shaman (D:9)
  7 orc wizards
  A hound skeleton (D:4)
  10 gnolls
  2 adders
  12 orcs
  5 hobgoblins (D:4)
  A quokka (D:7)
  A goblin (D:4)
  3 briar patches (Swamp:4)
182 creatures vanquished.

Vanquished Creatures (others)
  A sky beast (D:8)
  4 fungi
  A plant (Lair:6)
6 creatures vanquished.

Grand Total: 1057 creatures vanquished

Notes
Turn   | Place    | Note
-------+----------+-------------------------------------------
     0 | D:1      | MatthieuS the Demonspawn Berserker began the quest for the Orb.
     0 | D:1      | Reached XP level 1. HP: 18/18 MP: 1/1
   256 | D:1      | Gained mutation: You have sharp toenails. [demonic ancestry]
   256 | D:1      | Reached XP level 2. HP: 19/24 MP: 2/2
   350 | D:1      | Reached skill level 3 in Long Blades
   693 | D:2      | Gained mutation: You are partially covered in icy blue scales. (AC +2) [demonic ancestry]
   693 | D:2      | Reached XP level 3. HP: 27/29 MP: 3/3
   785 | D:2      | Reached ** piety under Trog
   911 | D:2      | Found a faded altar of an unknown god.
   974 | D:2      | Noticed Jessica
   981 | D:2      | Killed Jessica
   981 | D:2      | Gained mutation: A weak demonic guardian rushes to your aid. [demonic ancestry]
   981 | D:2      | Reached XP level 4. HP: 18/35 MP: 4/4
  1427 | D:3      | Noticed MatthieuS's ghost (amateur HuGl)
  1616 | D:3      | Killed MatthieuS's ghost
  1616 | D:3      | Reached skill level 4 in Long Blades
  1616 | D:3      | Reached XP level 5. HP: 42/42 MP: 5/5
  1706 | D:3      | Found a bloodstained altar of Trog.
  2061 | D:3      | Gained mutation: You have razor-sharp toenails. [demonic ancestry]
  2061 | D:3      | Reached XP level 6. HP: 48/48 MP: 6/6
  2335 | D:4      | Noticed MatthieuS's ghost (novice GrWn)
  2368 | D:4      | Killed MatthieuS's ghost
  2368 | D:4      | Reached skill level 5 in Long Blades
  2368 | D:4      | Gained mutation: A demonic guardian rushes to your aid. [demonic ancestry]
  2368 | D:4      | Reached XP level 7. HP: 10/55 MP: 7/7
  2584 | D:4      | Found a staircase to the Ecumenical Temple.
  2605 | D:4      | Found a white marble altar of Elyvilon.
  2613 | D:4      | Found a transporter.
  2737 | D:4      | Got a polished ring mail
  2750 | D:4      | Identified the +0 ring mail "Nerataxt" {rElec rF++ Str+2 Int-3} (You found it on level 4 of the Dungeon)
  2898 | D:4      | Found a transporter.
  3117 | D:4      | Reached *** piety under Trog
  3286 | D:4      | Reached skill level 5 in Fighting
  3313 | D:4      | Reached XP level 8. HP: 34/62 MP: 8/8
  3317 | D:4      | Reached skill level 6 in Long Blades
  3404 | D:4      | Reached **** piety under Trog
  3588 | D:4      | Reached skill level 1 in Shields
  3641 | D:5      | Entered Level 5 of the Dungeon
  3753 | D:5      | Found Mov Maom's Jewellery Shoppe.
  3914 | D:5      | Bought an uncursed ring of poison resistance for 220 gold pieces
  4272 | D:5      | Found a hide-covered altar of Uskayaw.
  4272 | D:5      | Found a sparkling altar of Nemelex Xobeh.
  4591 | D:5      | Found a snail-covered altar of Cheibriados.
  4957 | D:6      | Noticed a hippogriff
  4967 | D:6      | Killed a hippogriff
  4967 | D:6      | Reached skill level 7 in Long Blades
  5195 | D:6      | Found a glowing drain.
  5200 | Sewer    | Entered a sewer
  5232 | Sewer    | Gained mutation: You regenerate a little health from kills. [demonic ancestry]
  5232 | Sewer    | Reached XP level 9. HP: 69/69 MP: 9/9
  5476 | D:6      | Reached ***** piety under Trog
  5479 | D:6      | Reached skill level 5 in Armour
  5504 | D:6      | Got a translucent quarterstaff
  5520 | D:6      | Reached skill level 5 in Dodging
  5537 | D:6      | Identified the cursed +3 quarterstaff of Qerhiuc {speed, rC+ SInv} (You found it on level 6 of the Dungeon)
  6249 | D:7      | Identified the cursed +1 ring mail of the Serpent {rElec MR+++ Dex-2 SInv} (You found it on level 7 of the Dungeon)
  6297 | D:7      | Found a stormy altar of Qazlal.
  6299 | D:7      | Found a sacrificial altar of Ru.
  6405 | D:7      | Reached skill level 8 in Long Blades
  6795 | D:8      | Noticed a two-headed ogre
  6798 | D:8      | Killed a two-headed ogre
  6908 | D:8      | Reached XP level 10. HP: 62/77 MP: 7/10
  7023 | D:8      | Found a shimmering altar of Xom.
  7027 | D:8      | Found a glowing silver altar of Zin.
  7034 | D:8      | Found an ancient bone altar of Kikubaaqudgha.
  7237 | D:8      | Found a shadowy altar of Dithmenos.
  7912 | D:9      | Received a gift from Trog
  7987 | D:9      | Reached skill level 9 in Long Blades
  8089 | D:9      | Found a bloodstained altar of Trog.
  8123 | D:9      | Found Pantose's General Store.
  8209 | D:5      | Bought the ring of Visim {rElec rN+ MP+9 Int+2 SInv} for 619 gold pieces
  9016 | D:10     | Entered Level 10 of the Dungeon
  9049 | D:10     | Noticed a two-headed ogre
  9052 | D:10     | Killed a two-headed ogre
  9324 | D:10     | Found a staircase to the Orcish Mines.
  9355 | D:10     | Gained mutation: You are mostly covered in icy blue scales. (AC +3) [demonic ancestry]
  9355 | D:10     | Reached XP level 11. HP: 86/86 MP: 11/11
  9440 | D:10     | Noticed a two-headed ogre
  9447 | D:10     | Killed a two-headed ogre
  9447 | D:10     | Reached skill level 10 in Long Blades
  9450 | D:10     | Noticed a two-headed ogre
  9457 | D:10     | Killed a two-headed ogre
  9823 | D:11     | Noticed an unseen horror
  9834 | D:11     | Killed an unseen horror
  9972 | D:11     | Noticed Fannar
  9984 | D:11     | Killed Fannar
 10082 | D:11     | Found a portal to a secret trove of treasure.
 10151 | D:11     | Reached ****** piety under Trog
 10277 | D:11     | Received a gift from Trog
 10409 | D:11     | Noticed Harold
 10418 | D:11     | Killed Harold
 10438 | D:11     | Noticed a red ugly thing
 10450 | D:11     | Killed a red ugly thing
 10450 | D:11     | Reached skill level 11 in Long Blades
 10654 | D:11     | Found a staircase to the Lair.
 10901 | Lair:1   | Entered Level 1 of the Lair of Beasts
 11188 | Lair:1   | Noticed Gastronok
 11200 | Lair:1   | Killed Gastronok
 11200 | Lair:1   | Reached XP level 12. HP: 95/95 MP: 12/12
 11299 | Lair:1   | Found a white marble altar of Elyvilon.
 11516 | Lair:2   | Noticed Sonja
 11551 | Lair:2   | Killed Sonja
 11599 | Lair:2   | Found a staircase to the Swamp.
 11808 | Lair:2   | Found a staircase to the Snake Pit.
 12377 | Lair:3   | Reached skill level 12 in Long Blades
 12512 | Lair:3   | Received a gift from Trog
 13166 | Lair:4   | Got an encrusted chain mail
 13177 | Lair:4   | Identified the +5 chain mail "Kyirin" {rC+ Regen+} (You found it on level 4 of the Lair of Beasts)
 13199 | Lair:4   | Reached skill level 10 in Fighting
 14064 | Lair:5   | Noticed a seven-headed hydra
 14067 | Lair:5   | Noticed a four-headed hydra
 14069 | Lair:5   | Killed a seven-headed hydra
 14069 | Lair:5   | Gained mutation: You have claws for feet. [demonic ancestry]
 14069 | Lair:5   | Reached XP level 13. HP: 103/103 MP: 13/13
 14226 | Lair:5   | Received a gift from Trog
 14627 | D:5      | Bought an uncursed amulet of regeneration for 330 gold pieces
 14965 | Lair:5   | Got an ichor-stained trident
 14966 | Lair:5   | Identified the +6 trident of Zin's Reproof {pierce, rN++} (You found it on level 5 of the Lair of Beasts)
 15334 | Lair:6   | Entered Level 6 of the Lair of Beasts
 15413 | Lair:6   | Reached skill level 13 in Long Blades
 15501 | Lair:6   | Got a spiked ring mail
 15565 | Lair:6   | Identified the +2 ring mail of the Blacksmith {MR+ Int+2} (You found it on level 6 of the Lair of Beasts)
 16167 | Lair:6   | Found a viscous altar of Jiyva.
 16167 | Lair:6   | Found a staircase to the Slime Pits.
 16254 | Lair:6   | Noticed a dire elephant
 16261 | Lair:6   | Killed a dire elephant
 16261 | Lair:6   | Reached skill level 10 in Dodging
 16265 | Lair:6   | Reached skill level 10 in Armour
 16333 | Lair:6   | Noticed a dire elephant
 16347 | Lair:6   | Killed a dire elephant
 16354 | Lair:6   | Found the +6 arbalest "Damnation" {damnation}
 17032 | Orc:1    | Entered Level 1 of the Orcish Mines
 17363 | Orc:2    | Entered Level 2 of the Orcish Mines
 17387 | Orc:2    | Received a gift from Trog
 17391 | Orc:2    | Gained mutation: You regenerate health from kills. [demonic ancestry]
 17391 | Orc:2    | Reached XP level 14. HP: 104/113 MP: 14/14
 17621 | Orc:2    | Reached skill level 14 in Long Blades
 17649 | Orc:2    | Paralysed by an ogre mage for 7 turns
 17762 | Orc:1    | Received a gift from Trog
 17900 | Orc:2    | Found Ofelamit's Magic Scroll Shop.
 17900 | Orc:2    | Found Xakupom's Food Emporium.
 17901 | Orc:2    | Found Cuiqeg's Antique Weapon Boutique.
 17901 | Orc:2    | Found Yfozon's General Store.
 17931 | Orc:2    | Bought a scroll of acquirement for 572 gold pieces
 18024 | Orc:2    | Found a staircase to the Elven Halls.
 18093 | Orc:2    | Noticed a stone giant
 18097 | Orc:2    | Noticed a stone giant
 18102 | Orc:2    | Killed a stone giant
 18106 | Orc:2    | Killed a stone giant
 18329 | Orc:2    | Bought a scroll of blinking for 120 gold pieces
 18329 | Orc:2    | Bought a scroll of identify for 32 gold pieces
 18330 | Orc:2    | Bought a scroll of fear for 38 gold pieces
 18330 | Orc:2    | Bought a scroll of identify for 22 gold pieces
 18330 | Orc:2    | Bought a scroll of teleportation for 33 gold pieces
 18330 | Orc:2    | Bought a scroll of fear for 38 gold pieces
 18330 | Orc:2    | Bought a scroll of fog for 22 gold pieces
 18330 | Orc:2    | Bought a scroll of fog for 22 gold pieces
 18330 | Orc:2    | Bought a scroll of blinking for 82 gold pieces
 18534 | D:12     | Found a radiant altar of Vehumet.
 18747 | D:12     | Found a flagged portal.
 18761 | Bailey   | Entered a bailey
 18866 | Bailey   | Received a gift from Trog
 19420 | D:13     | Gained mutation: Your magical and physical power is slightly enhanced at high health. [demonic ancestry]
 19420 | D:13     | Reached XP level 15. HP: 122/122 MP: 15/15
 19568 | D:13     | Found a gate to the Vaults.
 19627 | D:13     | Noticed Frances
 19632 | D:13     | Killed Frances
 20185 | D:14     | Received a gift from Trog
 20441 | D:14     | Reached skill level 15 in Long Blades
 20479 | D:14     | Noticed Louise
 20485 | D:14     | Killed Louise
 20731 | D:14     | Found a sacrificial altar of Ru.
 20950 | D:15     | Entered Level 15 of the Dungeon
 21162 | D:15     | Found a stormy altar of Qazlal.
 21625 | D:15     | Found a staircase to the Depths.
 21856 | Swamp:1  | Entered Level 1 of the Swamp
 21983 | Swamp:1  | Noticed Kirke
 22007 | Swamp:1  | Killed Kirke
 22122 | Swamp:1  | Noticed Josephine
 22134 | Swamp:1  | Killed Josephine
 22163 | Swamp:1  | Received a gift from Trog
 22260 | Swamp:1  | Noticed Aizul
 22278 | Swamp:1  | Killed Aizul
 22648 | Swamp:2  | Noticed a thorn hunter
 22664 | Swamp:2  | Killed a thorn hunter
 22694 | Swamp:2  | Reached XP level 16. HP: 131/131 MP: 8/16
 23490 | Swamp:3  | Got an agate-encrusted plate armour
 23501 | Swamp:3  | Identified the +1 plate armour of Oblehou {rElec rPois rC- Int+7} (You acquired it on level 3 of the Swamp)
 23656 | Swamp:3  | Noticed a thorn hunter
 23673 | Swamp:3  | Killed a thorn hunter
 23963 | Swamp:4  | Entered Level 4 of the Swamp
 23969 | Swamp:4  | Noticed a thorn hunter
 23979 | Swamp:4  | Killed a thorn hunter
 24474 | Swamp:4  | Received a gift from Trog
 24480 | Swamp:4  | Paralysed by a hornet for 3 turns
 24513 | Swamp:4  | Got a decaying rune of Zot
 24674 | Swamp:4  | Noticed a thorn hunter
 24719 | Swamp:4  | Killed a thorn hunter
 25028 | Snake:1  | Entered Level 1 of the Snake Pit
 25154 | Snake:1  | Reached skill level 16 in Long Blades
 25187 | Snake:1  | Got a twitching amber ring
 25188 | Snake:1  | Identified the ring "Muuviwk" {Fire Str+2 Dex+4} (You found it on level 1 of the Snake Pit)
 25357 | Snake:1  | Received a gift from Trog
 25501 | Snake:1  | Found Fuoric's Gadget Boutique.
 25501 | Snake:1  | Found Ylug's Jewellery Shoppe.
 25502 | Snake:1  | Found Rymurun's Jewellery Shoppe.
 25511 | Snake:1  | Bought the ring of Foalis Ent {*Contam rF+ rC+ Int+3} for 516 gold pieces
 25655 | Snake:2  | Reached XP level 17. HP: 120/140 MP: 1/17
 25737 | Snake:2  | Noticed Saint Roka
 25742 | Snake:2  | Noticed Agnes
 25766 | Snake:2  | Killed Saint Roka
 25770 | Snake:2  | Killed Agnes
 25833 | Snake:2  | Received a gift from Trog
 25838 | Snake:2  | Noticed Vashnia
 25857 | Snake:2  | HP: 5/210 [Vashnia/bolt (16)]
 25858 | Snake:2  | Shot with a bolt by a naga sharpshooter

Vault maps used:
D:1:      kennysheep_arrival_seaside, hangedman_abyss_or_decor_stabs
D:2:      chequers_ecumenical_altar_twisty, uniq_jessica
D:3:      first_ration, trog_three_pillars_becter
D:4:      minmay_goblin_kobold_castle, gammafunk_temple_overflow_arena,
          corexii_item_surrounded_by_moat, st_stairs_5
D:5:      lemuel_round_altar, gammafunk_temple_overflow_elements, serial_shops,
          shop
D:6:      lightli_sewer_entry_pipes
D:7:      grunt_temple_overflow_open
D:8:      minmay_overflow_temple_star_quad, grunt_dithmenos_smoke_and_mirrors
D:9:      kennysheep_seaside_town, serial_column_ruins,
          column_ruins_temple_circle, column_ruins_hut_pillars,
          column_ruins_grid_2, column_ruins_grid_2,
          column_ruins_open_small_water, column_ruins_grid_1,
          column_ruins_corridor_straight, serial_shops, shop_fountains
D:10:     kennysheep_orc_monster_closet_entryway, grunt_ogre_cave
D:11:     erik_lair_dragon, nicolae_trove_entry_columns, nooodl_orcs_dogs,
          uniq_fannar, uniq_harold
D:12:     enter_bailey_3, basic_altar, minmay_misc_feat_five
D:13:     minmay_wavy_crystal, david_vaults_5, serial_corexii_hall,
          corexii_hall_statues_u, corexii_hall_statues_l, uniq_frances
D:14:     minmay_misc_feat_columns, hangedman_decor_slide_cut,
          dk_noncrumbling_2, nicolae_ru_awakened_eye, uniq_louise
D:15:     grunt_enter_depths_hoard, lemuel_doored_altar
Lair:1:   basic_altar, infiniplex_staircase_pool, uniq_gastronok
Lair:2:   minmay_swamp_entry_reptiles, minmay_snake_entry_guardpost_small,
          uniq_sonja
Lair:3:   serial_bayou_pond_e
Lair:4:   grunt_megastairs_1
Lair:5:   lemuel_slime, st_stairs_12, grunt_forest_small_clearings,
          grunt_megastairs_5
Lair:6:   hangedman_lair_in_review, dpeg_slime_entry_enclosed_altar,
          st_stairs_6, hibernation_bobbens
Swamp:1:  evilmike_swamp_ruin_house_6, uniq_kirke, uniq_josephine, uniq_aizul
Swamp:2:  evilmike_swamp_ruin_rubble_2
Swamp:3:  evilmike_swamp_ruin_house_1, swamp_pool3
Swamp:4:  swamp
Snake:1:  minmay_shop_grove
Snake:2:  grunt_ministairs_15, uniq_saint_roka, uniq_agnes, uniq_vashnia
Orc:2:    st_orc_ogre_mass
Sewer:    sewer_the_crocodile
Bailey:   bailey_polearm_3, bailey

Skill      XL: |  1  2  3  4  5  6  7  8  9 10 11 12 13 14 15 16 |
---------------+-------------------------------------------------+-----
Armour         | 2 3 4 5 6 8 9 10 11 12 13 | 13.7
Dodging        | 2 3 4 5 6 8 9 10 11 12 13 | 13.7
Long Blades    | 3 4 5 7 8 9 11 12 13 14 15 16 | 16.4
Fighting       | 4 5 6 8 9 10 11 12 13 14 | 14.9
Shields        | 2 3 4 |  4.0
Unarmed Combat | |  0.1

Action                   |  1- 3 |  4- 6 |  7- 9 | 10-12 | 13-15 | 16-18 || total
-------------------------+-------+-------+-------+-------+-------+-------++-------
Melee: Falchion          |    65 |   101 |   594 |   202 |       |       ||   962
       Kick              |    21 |    18 |       |       |   499 |   269 ||   807
       Unarmed           |     9 |       |       |       |       |       ||     9
       Scimitar          |       |       |    92 |   658 |  1023 |   426 ||  2199
       Great sword       |       |       |       |       |    39 |       ||    39
       Punch             |       |       |       |       |     1 |     2 ||     3
       Double sword      |       |       |       |       |       |   165 ||   165
 Fire: Arbalest          |       |       |       |       |    24 |     1 ||    25
Invok: Berserk           |       |     2 |    12 |     7 |    15 |    12 ||    48
       Trog's Hand       |       |     2 |     1 |       |     5 |     3 ||    11
       Brothers in Arms  |       |       |     2 |     1 |     4 |     4 ||    11
Evoke: Wand              |       |       |     3 |     7 |    21 |    19 ||    50
  Use: Scroll            |       |     6 |     8 |    11 |    18 |     9 ||    52
       Potion            |       |     2 |     2 |       |     1 |     1 ||     6
 Stab: Distracted        |       |     2 |       |     1 |     9 |     3 ||    15
  Eat: Chunk             |       |     2 |    30 |    23 |    22 |     4 ||    81
       Ration            |       |     1 |       |     6 |    13 |     7 ||    27
Armor: Leather armour    |    23 |    10 |       |       |       |       ||    33
       Scale mail        |       |    44 |    39 |       |       |       ||    83
       Ring mail         |       |       |   165 |   250 |       |       ||   415
       Plate armour      |       |       |   196 |       |       |     7 ||   203
       Skin              |       |       |     9 |       |       |     1 ||    10
       Chain mail        |       |       |       |    55 |   530 |   421 ||  1006
Dodge: Dodged            |    40 |    57 |   352 |   536 |   599 |   510 ||  2094
Block: Buckler           |       |       |   128 |   162 |    44 |       ||   334
       Rpst.: Falchion   |    12 |    22 |    77 |    28 |       |       ||   139
       Scimitar          |       |       |    15 |   111 |   134 |    53 ||   313
       Great sword       |       |       |       |       |     2 |       ||     2
       Double sword      |       |       |       |       |       |    24 ||    24

Table legend:
 A = Spawn XP
 B = Non-spawn XP
 C = Spawn XP percentage of total XP
 D = Spawn monster count
 E = Non-spawn monster count
 F = Spawn count percentage of total count
 G = Total turns spent on level
                    A         B        C        D         E        F      G
               +---------+---------+-------+---------+---------+-------+---------
         Total |       0 |  241565 |   0.0 |       0 |    1046 |   0.0 | 25858
               +---------+---------+-------+---------+---------+-------+---------
           D:1 |       0 |      37 |   0.0 |       0 |      15 |   0.0 |   751
           D:2 |       0 |     104 |   0.0 |       0 |      19 |   0.0 |   804
           D:3 |       0 |     309 |   0.0 |       0 |      18 |   0.0 |   930
           D:4 |       0 |    1323 |   0.0 |       0 |      76 |   0.0 |  1380
           D:5 |       0 |     515 |   0.0 |       0 |      11 |   0.0 |  1185
           D:6 |       0 |     874 |   0.0 |       0 |      39 |   0.0 |  1014
           D:7 |       0 |    1196 |   0.0 |       0 |      28 |   0.0 |   824
           D:8 |       0 |    1534 |   0.0 |       0 |      22 |   0.0 |  1489
           D:9 |       0 |    3250 |   0.0 |       0 |      67 |   0.0 |  1026
          D:10 |       0 |    4078 |   0.0 |       0 |      36 |   0.0 |   732
          D:11 |       0 |    6353 |   0.0 |       0 |      47 |   0.0 |  1359
          D:12 |       0 |    3842 |   0.0 |       0 |      29 |   0.0 |   507
          D:13 |       0 |   15529 |   0.0 |       0 |      46 |   0.0 |   994
          D:14 |       0 |   11982 |   0.0 |       0 |      27 |   0.0 |   880
          D:15 |       0 |    9112 |   0.0 |       0 |      23 |   0.0 |   772
        Lair:1 |       0 |    4071 |   0.0 |       0 |      12 |   0.0 |   667
        Lair:2 |       0 |    4734 |   0.0 |       0 |      27 |   0.0 |   976
        Lair:3 |       0 |    3347 |   0.0 |       0 |      15 |   0.0 |   843
        Lair:4 |       0 |    3974 |   0.0 |       0 |      23 |   0.0 |   961
        Lair:5 |       0 |    5083 |   0.0 |       0 |      43 |   0.0 |   960
        Lair:6 |       0 |   20981 |   0.0 |       0 |      56 |   0.0 |  1124
       Swamp:1 |       0 |   19344 |   0.0 |       0 |      56 |   0.0 |   943
       Swamp:2 |       0 |    7368 |   0.0 |       0 |      25 |   0.0 |   640
       Swamp:3 |       0 |    9339 |   0.0 |       0 |      15 |   0.0 |   591
       Swamp:4 |       0 |   24136 |   0.0 |       0 |      50 |   0.0 |   978
       Snake:1 |       0 |   15134 |   0.0 |       0 |      35 |   0.0 |   574
       Snake:2 |       0 |   31438 |   0.0 |       0 |      56 |   0.0 |   256
         Orc:1 |       0 |    2918 |   0.0 |       0 |      36 |   0.0 |   471
         Orc:2 |       0 |   23505 |   0.0 |       0 |      77 |   0.0 |   867
         Sewer |       0 |     114 |   0.0 |       0 |       6 |   0.0 |   141
        Bailey |       0 |    6041 |   0.0 |       0 |      11 |   0.0 |   219
               +---------+---------+-------+---------+---------+-------+---------
